 Dungeon Crawl Stone Soup version 0.27.1-3-gb3d3a73c9e (webtiles) character file.

Game seed: 10574908632274756170

33 Crownlay the Slasher (level 3, 0/31 HPs)
             Began as a Minotaur Gladiator on Oct 24, 2021.
             Slain by Natasha (1 damage)
             ... on level 2 of the Dungeon.
             The game lasted 00:02:44 (891 turns).

Crownlay the Slasher (Minotaur Gladiator)            Turns: 891, Time: 00:02:44

Health: 0/31       AC:  3    Str: 19    XL:     3   Next: 12%
Magic:  2/2        EV: 12    Int:  5    God:
Gold:   23         SH:  0    Dex: 11    Spells: 2/2 levels left

rFire    . . .     SeeInvis .   a - +0 long sword
rCold    . . .     Faith    .   (no shield)
rNeg     . . .     Spirit   .   b - +0 leather armour
rPois    .         Reflect  .   c - +0 hat
rElec    .         Harm     .   (no cloak)
rCorr    .         Rampage  .   (no gloves)
Will     .....                  (no boots)
Stlth    +.........             (no amulet)
HPRegen  0.10/turn              (no ring)
MPRegen  0.08/turn              (no ring)

@: no status effects
A: horns 2, retaliatory headbutt
a: no special abilities


You were on level 2 of the Dungeon.
You visited 1 branch of the dungeon, and saw 2 of its levels.

You collected 23 gold pieces.

Inventory:

Hand Weapons
 a - a +0 long sword (weapon)
Missiles
 d - 3 throwing nets (quivered)
Armour
 b - a +0 leather armour (worn)
 c - a +0 hat (worn)
Scrolls
 e - a scroll of identify {unknown}
 f - 2 scrolls of teleportation {unknown}


   Skills:
 + Level 3.1 Fighting
 * Level 4.7 Long Blades
 - Level 2.0 Throwing
 - Level 3.2 Dodging


You had 2 spell levels left.
You didn't know any spells.
Your spell library contained the following spells:

 Spells                   Type           Power      Damage    Failure   Level
 Animate Dead             Necr           0%         N/A       99%         4
 Haunt                    Necr/Summ      0%         N/A       100%        7
 Infestation              Necr           0%         N/A       100%        8


Dungeon Overview and Level Annotations

Branches:
Dungeon (2/15)

Altars:

Annotations:
D:2 Natasha


Innate Abilities, Weirdness & Mutations

You have a pair of horns on your head.
You reflexively headbutt those who attack you in melee.


Message History

You climb downwards.
Found a short sword and a scroll labelled FEDWOJ QAOTS.
There is a stone staircase leading up here.
f - 2 scrolls labelled FEDWOJ QAOTS (gained 1) Natasha, Servant of Life and Death comes into view.
Natasha hisses angrily.
Unknown command.
Unknown command.
Unknown command.
Natasha casts a spell at you. You resist with significant effort.
Natasha mumbles some strange words.
Found a scroll labelled KIGHITR WUIPH.
Natasha mumbles some strange words.
The crimson imp blinks!
Natasha claws you but does no damage. The white imp gestures at you.
The puff of frost hits you.
You slash Natasha!
Natasha is heavily wounded.
Natasha claws you. The white imp gestures at you. The puff of frost hits you.
You are too injured to fight recklessly!
You are too injured to fight recklessly!
You are too injured to fight recklessly!
You are too injured to fight recklessly!
You are too injured to fight recklessly!
You are too injured to fight recklessly!
You are too injured to fight recklessly!
You hit Natasha. Your headbutt misses Natasha.
Natasha is almost dead.
Natasha claws you!
* * * LOW HITPOINT WARNING * * *
The white imp gestures at you. The puff of frost hits you!
* * * LOW HITPOINT WARNING * * *
You hit Natasha.
Natasha is almost dead.
Natasha claws you.
You die...

#....##... #..
.#... ####
#.............
... ... ..... #
..?.........
#..#.#.#......
#....5h.......
#....#@# #
#....#.##.#
#....#....#
#....#.####
#....#.#
###......####.#
#...............
#..........##.##
#^####.#.#.##.#


You could see Natasha and a white imp (summoned).

Vanquished Creatures
  2 dart slugs (D:1)
  6 ball pythons (D:1)
  2 endoplasms (D:1)
  A giant cockroach (D:1)
  2 goblins (D:1)
  5 hobgoblins (D:1)
  2 kobolds (D:1)
  A quokka (D:1)
  2 frilled lizards (D:1)
  3 rats (D:1)
26 creatures vanquished.

Notes
Turn   | Place    | Note
-------+----------+-------------------------------------------
     0 | D:1      | Crownlay the Minotaur Gladiator began the quest for the
                  | Orb.
     0 | D:1      | Reached XP level 1. HP: 18/18 MP: 0/0
   257 | D:1      | Reached skill level 4 in Long Blades
   318 | D:1      | Reached XP level 2. HP: 25/25 MP: 1/1
   630 | D:1      | Reached XP level 3. HP: 31/31 MP: 2/2
   884 | D:2      | Noticed Natasha
   890 | D:2      | HP: 1/31 [white imp/puff of frost[Natasha] (7)]
   891 | D:2      | Slain by Natasha

Illustrated notes

Levels and vault maps discovered:
D:1:      dpeg_arrival_ternary, layout_basic, due_unseen_surprise
D:2:      layout_basic, dreamdust_ecumenical_altar_hidden_monk_grotto,
          grunt_ministairs_10, uniq_natasha

Skill      XL: |  1  2 |
---------------+-------+-----
Long Blades    | 4 |  4.7
Fighting       | 3 |  3.1
Throwing       | |  2.0
Dodging        | |  3.2

Action                   || total
-------------------------++-------
Melee: Long sword        ||    49
       Headbutt          ||     6
Armor: Leather armour    ||    14
Dodge: Dodged            ||    28
       Rpst.: Long sword ||     6
